 Dungeon Crawl Stone Soup version 0.31.0-11-ge490571c62 (webtiles) character file.

Game seed: 13359491632217869987

123 qw the Shooter (level 4, -4/23 HPs)
             Began as a Spriggan Hunter on Feb 3, 2024.
             Slain by Grinder (5 damage)
             ... while paralysed by Grinder
             ... on level 3 of the Dungeon.
             The game lasted 00:00:07 (1849 turns).

qw the Shooter (Spriggan Hunter)                    Turns: 1849, Time: 00:00:08

Health: -4/23      AC:  2    Str:  7    XL:     4   Next: 80%
Magic:  5/5        EV:  4    Int: 10    God:
Gold:   149        SH:  0    Dex: 20    Spells: 3/3 levels left

rFire   . . .        a - +0 shortbow
rCold   . . .        (shield currently unavailable)
rNeg    . . .        c - +0 robe
rPois   .            (helmet restricted)
rElec   .            (no cloak)
rCorr   .            (gloves unavailable)
SInv    +            (boots unavailable)
Will    .....        (no amulet)
Stlth   ++           (no ring)
HPRegen 0.23/turn    (no ring)
MPRegen 0.09/turn

%: no passive effects
@: paralysed, about to teleport, very quick
A: very small, no large weapons, unfitting armour, see invisible, speed 3
a: no special abilities


You were on level 3 of the Dungeon.
You visited 1 branch of the dungeon, and saw 3 of its levels.

You collected 189 gold pieces.
You spent 40 gold pieces at shops.


Innate Abilities, Weirdness & Mutations

You are very small and have problems with some larger weapons.
You are too small for most types of armour.
You have supernaturally acute eyesight. (SInv)
You cover ground extremely quickly. (Speed+++)


   Skills:
 - Level 2.0 Fighting
 + Level 5.0 Ranged Weapons
 - Level 5.0 Dodging
 - Level 1.5 Stealth


You had 3 spell levels left.
You didn't know any spells.
Your spell library was empty.

Inventory:

Hand Weapons
 a - a +0 shortbow (weapon)
Armour
 c - a +0 robe (worn)
Scrolls
 e - a scroll of enchant armour
Potions
 b - a potion of lignification {unknown}
 f - a potion of heal wounds {unknown}
 g - a potion of degeneration {unknown}
 h - a potion of mutation
 j - a potion of curing {unknown}

Dungeon Overview and Level Annotations

Branches:
Dungeon (3/15)

Altars:
Yredelemnul

Shops:
D:1 ?

Annotations:
D:3 Grinder


Message History

You shoot an arrow. The arrow hits the rat.
You kill the rat!
You see here a rat corpse.
An orc comes into view. It is wielding a +0 falchion.
You see here a lumpy sapphire potion.
Enter note: You shoot an arrow.
The orc shouts!
The arrow hits the orc!
You kill the orc!
f - a lumpy sapphire potion
There is a stone staircase leading up here.
g - a pink potion Grinder comes into view.
You shoot an arrow. The arrow completely misses Grinder.
Grinder shouts!
Grinder gestures at you.
You struggle to resist.
Grinder gestures at you. Pain shoots through your body!
You shoot an arrow. The arrow closely misses Grinder.
You shoot an arrow. The arrow completely misses Grinder.
You shoot an arrow. The arrow hits Grinder.
Grinder is lightly wounded.
Grinder gestures at you. Pain shoots through your body!
You shoot an arrow. The arrow completely misses Grinder.
Grinder hits you!
You writhe in agony.
1847 ||| READING scroll of teleportation.
As you read the scroll of teleportation, it crumbles to dust.
You feel strangely unstable. Grinder barely misses you.
You shoot an arrow.
The arrow hits Grinder but does no damage.
Grinder is lightly wounded.
Grinder gestures at you.
You suddenly lose the ability to move!
Grinder hits you.
You writhe in agony.
You die...
Grinder sighs, "Dead already?
I want a refund."

..# ### .#.. .#. ..... .### ..
~.... ... ### #. ~~~... #.. #.. .
~~~..### #.###.# # #.5.### ...#.#
## #@..# ###.#)# #. ###.#
##.....###% .. #.# ##..#....#..
#.####### #.# #..#####....
#.......## #.####.###.#######<..
##........###.............^......
#..........##....................
#..........####8###8###}###8###8#
#..........# ## ####### #######


You could see Grinder.

Vanquished Creatures
  4 adders
  An adder skeleton (D:3)
  An adder zombie (D:3)
  3 dart slugs
  A ribbon worm (D:2)
  An orc (D:3)
  6 bats
  4 endoplasms
  2 giant cockroaches (D:1)
  5 goblins (D:2)
  8 hobgoblins
  10 jackals
  5 kobolds
  A quokka (D:1)
  5 ball pythons
  A ball python skeleton (D:3)
  2 frilled lizards (D:1)
  10 rats
70 creatures vanquished.

Notes
Turn   | Place    | Note
-------+----------+-------------------------------------------
     0 | D:1      | qw the Spriggan Hunter began the quest for the Orb.
     0 | D:1      | Reached XP level 1. HP: 10/10 MP: 2/2
     0 | D:1      | 0 ||| qw: Version: 0.3-a-157-g843a77d
     0 | D:1      | 0 ||| qw: Game counter: 3888
     0 | D:1      | 0 ||| qw: Melee chars always use a shield: true
     0 | D:1      | 0 ||| qw: God list: Okawaru
     0 | D:1      | 0 ||| qw: Allow faded altars: false
     0 | D:1      | 0 ||| qw: Do Orc after clearing Dungeon:15 true
     0 | D:1      | 0 ||| qw: Do second Lair branch before Depths: true
     0 | D:1      | 0 ||| qw: Lair rune preference: random
     0 | D:1      | 0 ||| qw: Goals: Normal
     0 | D:1      | 0 ||| PLANNING D:1-11
    38 | D:1      | Reached skill level 3 in Dodging
   227 | D:1      | 227 ||| RETREEEEATING.
   234 | D:1      | Reached XP level 2. HP: 9/14 MP: 3/3
   553 | D:1      | Reached XP level 3. HP: 18/18 MP: 4/4
   798 | D:1      | Found The Oracle's Delphic Readings.
   802 | D:1      | 802 ||| BUYING scroll of identify (20 gold).
   802 | D:1      | Bought a scroll of identify for 20 gold pieces
   802 | D:1      | 802 ||| BUYING scroll of identify (20 gold).
   802 | D:1      | Bought a scroll of identify for 20 gold pieces
   908 | D:1      | 908 ||| READING 3 scrolls of identify.
   908 | D:1      | 908 ||| IDENTIFYING scroll labelled CIRUMUS EPYETE
   909 | D:1      | 909 ||| READING 2 scrolls of identify.
   909 | D:1      | 909 ||| IDENTIFYING scroll labelled QEFONO TOASE
   910 | D:1      | 910 ||| READING scroll of identify.
   910 | D:1      | 910 ||| IDENTIFYING scroll labelled KAGHYWEUMN
   911 | D:1      | 911 ||| READING 2 scrolls labelled RANWEE VOGUBEEH.
   911 | D:1      | 911 ||| ENCHANTING +0 shortbow.
   912 | D:1      | 912 ||| DROPPING scroll of butterflies.
   913 | D:1      | 913 ||| DROPPING scroll of fear.
   914 | D:1      | 914 ||| DROPPING scroll of blinking.
   983 | D:2      | Found a basalt altar of Yredelemnul.
  1083 | D:2      | Reached XP level 4. HP: 22/22 MP: 5/5
  1099 | D:2      | 1099 ||| FLEEEEING.
  1210 | D:2      | Found a faded altar of an unknown god.
  1543 | D:2      | 1543 ||| READING 2 scrolls of identify.
  1543 | D:2      | 1543 ||| IDENTIFYING metallic white potion
  1544 | D:2      | 1544 ||| READING scroll of identify.
  1544 | D:2      | 1544 ||| IDENTIFYING fizzy dark potion
  1545 | D:2      | 1545 ||| READING scroll labelled QOTU RUAPTALAMM.
  1546 | D:2      | 1546 ||| READING scroll labelled GAG IRIAGHOU.
  1647 | D:2      | 1647 ||| DRINKING 2 lumpy dark potions.
  1648 | D:2      | 1648 ||| DROPPING potion of ambrosia.
  1649 | D:2      | 1649 ||| DROPPING potion of magic.
  1841 | D:3      | Noticed Grinder
  1846 | D:3      | HP: 5/23 [Grinder (1)]
  1847 | D:3      | 1847 ||| READING scroll of teleportation.
  1848 | D:3      | Paralysed by Grinder for 2 turns
  1849 | D:3      | HP: 1/23 [Grinder (5)]
  1849 | D:3      | Slain by Grinder

Levels and vault maps discovered:
D:1:      dreamdust_arrival_beginning_and_end, layout_basic,
          chequers_serial_rivers_small_b, nicolae_nh_oracle_at_delphi
D:2:      layout_basic, basic_altar, hellmonk_ecumenical_altar_inner_sanctum,
          item_on_display_a
D:3:      layout_rooms, serial_undead, serial_undead_b, serial_undead_f,
          serial_undead_c, serial_undead_d, chequers_hall_statues_wall_a,
          uniq_grinder

Skill      XL: |  1  2  3  4 |
---------------+-------------+-----
Dodging        | 3 4 5 |  5.0
Ranged Weapons | 5 |  5.0
Fighting       | 2 |  2.0
Stealth        | |  1.5

Action                     |  1- 3 |  4- 6 || total
---------------------------+-------+-------++-------
   Fire: Shortbow          |   125 |    63 ||   188
    Use: Scroll            |     4 |     5 ||     9
         Potion            |       |     1 ||     1
 Armour: Robe              |    16 |     9 ||    25
  Dodge: Dodged            |    62 |    15 ||    77

Table legend:
 A = Non-vault XP
 B = Vault XP
 C = Vault XP percentage of total XP
 D = Non-vault monster count
 E = Vault monster count
 F = Vault count percentage of total count
                 A         B        C        D         E       F
            +---------+---------+-------+---------+---------+-------
      Total |     163 |      14 |   7.9 |      65 |       5 |   7.1
            +---------+---------+-------+---------+---------+-------
        D:1 |      56 |       3 |   5.1 |      31 |       2 |   6.1
        D:2 |      86 |       0 |   0.0 |      28 |       0 |   0.0
        D:3 |      21 |      11 |  34.4 |       6 |       3 |  33.3
            +---------+---------+-------+---------+---------+-------
